 Dungeon Crawl Stone Soup version 0.23-a0-333-g006994f (webtiles) character file.

10696 Loudmushroom the Cleaver (level 11, -4/69 HPs)
             Began as a Gargoyle Fighter on Oct 16, 2018.
             Was a High Priest of Okawaru.
             Slain by a spiny frog (9 damage)
             ... on level 1 of the Lair of Beasts on Oct 17, 2018.
             The game lasted 01:12:03 (12495 turns).

Loudmushroom the Cleaver (Gargoyle Fighter)        Turns: 12495, Time: 01:12:04

Health: -4/69      AC: 24    Str: 23    XL:     11   Next: 66%
Magic:  16/16      EV: 10    Int:  9    God:    Okawaru [*****.]
Gold:   480        SH: 14    Dex:  9    Spells: 10/10 levels left

rFire    . . .     SeeInvis .   a - +2 war axe
rCold    . . .     Gourm    .   c - +1 shield
rNeg     + . .     Faith    .   p - +0 plate armour
rPois    ∞         Spirit   .   C - +0 hat
rElec    +         Reflect  .   R - scarf {cloud immunity}
rCorr    .         Harm     .   (no gloves)
MR       +....                  (no boots)
Stlth    ..........             K - amulet of the acrobat
HPRegen  0.21/turn              E - ring of protection from magic
MPRegen  0.15/turn              t - +1 ring of evasion

@: heroism
A: negative energy resistance 1, electricity resistance, unbreathing,
petrification resistance, rot immunity, AC +8
a: Heroism, Finesse, Renounce Religion


You were on level 1 of the Lair of Beasts.
You worshipped Okawaru.
Okawaru was extremely pleased with you.
You were not hungry.

You visited 3 branches of the dungeon, and saw 12 of its levels.

You collected 480 gold pieces.

Inventory:

Hand Weapons
 a - a +2 war axe (weapon)
 b - a +0 hunting sling
 n - the +8 whip "Puoc" {slash, MR++}
   (You found it on level 4 of the Dungeon)

   It inflicts extra damage upon your enemies.
   It affects your resistance to hostile enchantments.
 I - a +0 hand crossbow
 Q - a +0 morningstar
Missiles
 h - 218 stones
 j - 132 bolts
 v - 142 sling bullets
 y - 20 tomahawks (quivered)
 A - 3 exploding tomahawks
 J - 2 tomahawks of returning
 N - 30 poisoned needles
Armour
 c - a +1 shield (worn)
 p - a +0 plate armour (worn)
 C - a +0 hat (worn)
 R - a scarf of cloud immunity (worn)
Jewellery
 g - a +4 amulet of reflection {unknown}
 i - an uncursed amulet of faith {unknown}
 t - a +1 ring of evasion (right hand)
 E - a ring of protection from magic (left hand)
 G - a +3 ring of dexterity
 K - an amulet of the acrobat (around neck)
Wands
 k - a wand of polymorph (13)
 m - a wand of acid (11)
 B - a wand of iceblast (10)
 H - a wand of paralysis (18)
 O - a wand of disintegration (16)
Scrolls
 e - 2 scrolls of identify
 o - a scroll of immolation
 s - 7 scrolls of teleportation
 D - a scroll of remove curse
 F - 3 scrolls of magic mapping
 S - a scroll of blinking
Potions
 d - 3 potions of might
 l - a potion of mutation {unknown}
 q - a potion of resistance {unknown}
 r - a potion of magic {unknown}
 u - a potion of ambrosia {unknown}
 w - 2 potions of curing {unknown}
 x - 2 potions of flight
 z - 3 potions of agility
 L - 4 potions of heal wounds
Comestibles
 f - 20 rations
 M - a chunk of flesh


   Skills:
 + Level 8.5(13.5) Fighting
 * Level 9.4(14.4) Axes
 + Level 8.4(13.4) Armour
 + Level 8.4(13.4) Shields
 + Level 6.7 Invocations
 + Level 5.6 Evocations


You had 10 spell levels left.
You didn't know any spells.
Your spell library contained the following spells:

 Spells                   Type           Power        Failure   Level  Hunger
 Animate Skeleton         Necr           N/A          99%         1    ##.....
 Apportation              Tloc           #.....       99%         1    ##.....
 Confusing Touch          Hex            #.....       99%         1    ##.....
 Pain                     Necr           #...         99%         1    ##.....
 Summon Small Mammal      Summ           #...         99%         1    ##.....
 Call Imp                 Summ           #.......     100%        2    ###....
 Call Canine Familiar     Summ           #.......     100%        3    ####...
 Regeneration             Chrm/Necr      #.........   100%        3    ####...
 Summon Guardian Golem    Hex/Summ       #.......     100%        3    ####...
 Vampiric Draining        Necr           #.........   100%        3    ####...
 Animate Dead             Necr           N/A          100%        4    #####..
 Summon Ice Beast         Ice/Summ       #.......     100%        4    #####..
 Summon Lightning Spire   Summ/Air       #.......     100%        4    #####..


Dungeon Overview and Level Annotations

Branches:
Dungeon (10/15)            Temple (1/1) D:4            Lair (1/6) D:9
    Orc (0/2) D:9

Altars:
Ashenzari
Elyvilon
Gozag
Kikubaaqudgha
Makhleb
Okawaru
Qazlal
Ru
Sif Muna
Trog
Uskayaw
Vehumet
Wu Jian
Xom
Yredelemnul
Zin
The Shining One

Shops:
D:4 *   D:7 (

Annotations:
D:3 3 runed doors, nikopol's ghost, amateur DEFE
D:5 1 runed door, Karim's ghost, novice TrMo


Innate Abilities, Weirdness & Mutations

You are resistant to torment.
Your stone body is resilient. (AC +8)
You are immune to poison.
You resist negative energy. (rN+)
You are resistant to electric shocks. (rElec)
You can survive without breathing.
You are immune to petrification.
You are immune to rotting.


Message History

Okawaru accepts your kill.
You barely miss the komodo dragon.
The komodo dragon is almost dead.
You block the komodo dragon's attack.
You hit the komodo dragon but do no damage.
The komodo dragon is almost dead.
The komodo dragon bites you but does no damage.
A spiny frog comes into view.
You hit the komodo dragon.
You kill the komodo dragon!
Okawaru accepts your kill.
You see here a porcupine skeleton.
There is an open door here.
You block the spiny frog's attack.
You hit the spiny frog but do no damage.
You block the spiny frog's attack.
You hit the spiny frog.
The spiny frog is lightly wounded.
The spiny frog stings you!
You die...

...# #...# # ..#
###†###.#
###..##.†....#
##.⌠.##.##.#..#
#.....#.......#
#⌠.⌠..'÷..⌠...+
#.....#...........
##.⌠F##..##...##.⌠
...# ###@###.....##
# ...# ##...#
###+.... . #..#
#....# ..##. .# #..#
##...# .#. .# #..#
#....# .# #..#
#....# .# #..#
##...# .#####..#
#...#
...##...######...###


You could see a spiny frog.

Vanquished Creatures
  2 two-headed ogres (D:10)
  A wolf spider zombie (D:10)
  A komodo dragon (Lair:1)
  2 trolls (D:10)
  A hippogriff (D:7)
  11 yaks
  A wyvern (D:7)
  3 hogs (D:6)
  A human (D:6)
  Grum (D:10)
  A hungry ghost (D:9)
  Edmund (D:4)
  3 water moccasins
  2 porcupines (Lair:1)
  Duvessa (D:7)
  An ice beast (D:3)
  4 orc warriors
  A black bear (D:10)
  2 necrophages
  A sky beast (D:5)
  An eye of draining (D:10)
  6 ogres
  9 wolves
  5 centaurs
  A crocodile (Lair:1)
  7 bullfrogs
  Dowan (D:7)
  A scorpion (D:10)
  2 howler monkeys (D:8)
  5 crimson imps
  5 orc priests
  6 hounds
  Jessica (D:3)
  A centaur skeleton (D:6)
  14 orc wizards
  3 iguanas
  10 worker ants
  A killer bee zombie (D:10)
  A howler monkey zombie (D:8)
  A howler monkey skeleton (D:8)
  8 adders
  4 gnolls (D:5)
  4 shadow imps
  A white imp (D:6)
  An ooze (D:2)
  2 adder skeletons (D:4)
  An adder zombie (D:9)
  3 worms
  A dart slug (D:1)
  5 leopard geckos
  46 orcs
  2 ball pythons
  4 bats
  9 giant cockroaches
  6 goblins
  9 hobgoblins
  13 jackals
  15 kobolds
  7 quokkas
  5 frilled lizards
  A goblin zombie (D:6)
  3 hobgoblin zombies (D:6)
  A kobold skeleton (D:6)
  A kobold zombie (D:6)
  2 orc zombies (D:6)
  2 quokka skeletons
  11 rats
289 creatures vanquished.

Notes
Turn   | Place    | Note
-------+----------+-------------------------------------------
     0 | D:1      | Loudmushroom the Gargoyle Fighter began the quest for the
                  | Orb.
     0 | D:1      | Reached XP level 1. HP: 14/14 MP: 1/1
    92 | D:1      | Reached skill level 2 in Axes
   119 | D:1      | Reached XP level 2. HP: 19/19 MP: 2/2
   452 | D:1      | Reached XP level 3. HP: 23/23 MP: 3/3
  1193 | D:2      | Reached XP level 4. HP: 25/29 MP: 4/4
  2099 | D:3      | Found a stormy altar of Qazlal.
  2325 | D:3      | Found a runed gate.
  2326 | D:3      | Found a runed gate.
  2327 | D:3      | Found a runed gate.
  2327 | D:3      | Noticed nikopol's ghost (amateur DEFE)
  2391 | D:3      | Reached skill level 3 in Axes
  2565 | D:3      | Noticed an ice beast
  2580 | D:3      | Killed an ice beast
  2580 | D:3      | Reached XP level 5. HP: 27/33 MP: 5/5
  2669 | D:3      | Found a shattered altar of Ashenzari.
  2855 | D:3      | Noticed Jessica
  2865 | D:3      | Killed Jessica
  2865 | D:3      | Reached XP level 6. HP: 36/39 MP: 6/6
  3161 | D:4      | Found Ymirchasm's Assorted Antiques.
  3181 | D:3      | Reached skill level 4 in Axes
  3323 | D:4      | Found a staircase to the Ecumenical Temple.
  3333 | D:4      | Noticed Edmund
  3361 | D:4      | Killed Edmund
  3361 | D:4      | Reached XP level 7. HP: 32/44 MP: 7/7
  3470 | Temple   | Entered the Ecumenical Temple
  3483 | Temple   | Became a worshipper of Warmaster Okawaru
  3666 | D:4      | Got a smoking whip
  3855 | D:4      | Identified the +8 whip "Puoc" {slash, MR++} (You found it
                  | on level 4 of the Dungeon)
  3897 | D:5      | Entered Level 5 of the Dungeon
  3917 | D:5      | Upgraded the game from 0.23-a0-329-g6f3f904 to
                  | 0.23-a0-333-g006994f
  4068 | D:5      | Reached skill level 5 in Fighting
  4083 | D:5      | Reached skill level 1 in Invocations
  4193 | D:5      | Found a runed door.
  4205 | D:5      | Reached skill level 5 in Shields
  4231 | D:5      | Noticed Karim's ghost (novice TrMo)
  4239 | D:5      | Found a shimmering altar of Xom.
  4296 | D:5      | Reached skill level 1 in Evocations
  4303 | D:5      | Reached skill level 5 in Armour
  4497 | D:6      | Reached * piety under Okawaru
  4497 | D:6      | Reached skill level 5 in Axes
  4576 | D:6      | Reached XP level 8. HP: 43/49 MP: 9/9
  4624 | D:6      | Found a glowing golden altar of the Shining One.
  5023 | D:6      | Found an ancient bone altar of Kikubaaqudgha.
  5030 | D:6      | Found an ornate altar of the Wu Jian Council.
  5157 | D:6      | Found a bloodstained altar of Trog.
  5225 | D:6      | Found a radiant altar of Vehumet.
  5232 | D:6      | Found a burning altar of Makhleb.
  5258 | D:7      | Found Howk's Weapon Boutique.
  5499 | D:7      | Noticed a yak
  5528 | D:6      | Reached ** piety under Okawaru
  5528 | D:6      | Reached skill level 6 in Axes
  5663 | D:6      | Reached XP level 9. HP: 40/55 MP: 11/11
  6402 | D:7      | Noticed Duvessa
  6405 | D:7      | Noticed Dowan
  6409 | D:7      | Reached *** piety under Okawaru
  6416 | D:7      | Killed Duvessa
  6420 | D:7      | Killed Dowan
  7040 | D:7      | Reached skill level 7 in Axes
  7304 | D:7      | Found a deep blue altar of Sif Muna.
  7646 | D:8      | Reached XP level 10. HP: 35/61 MP: 10/13
  7724 | D:8      | Reached **** piety under Okawaru
  8473 | D:8      | Reached skill level 5 in Invocations
  8662 | D:9      | Found the +5 robe of Misfortune {*Contam Harm *Corrode
                  | *Drain *Slow EV+5}
  8764 | D:9      | Reached skill level 8 in Axes
  9019 | D:9      | Found a staircase to the Lair.
  9555 | D:9      | Found a staircase to the Orcish Mines.
  9587 | D:9      | Reached ***** piety under Okawaru
  9885 | D:10     | Entered Level 10 of the Dungeon
  9909 | D:10     | Noticed Grum
  9937 | D:10     | Killed Grum
 10416 | D:10     | Reached XP level 11. HP: 18/68 MP: 12/15
 10805 | D:10     | Reached skill level 5 in Evocations
 11045 | D:10     | Noticed a two-headed ogre
 11055 | D:10     | Killed a two-headed ogre
 11185 | D:10     | Noticed a two-headed ogre
 11193 | D:10     | Killed a two-headed ogre
 11193 | D:10     | Reached skill level 9 in Axes
 11629 | D:9      | Received a gift from Okawaru
 12285 | Lair:1   | Entered Level 1 of the Lair of Beasts
 12476 | Lair:1   | HP: 2/69 [komodo dragon (16)]
 12495 | Lair:1   | Slain by a spiny frog

Vault maps used:
D:1:      evilmike_arrival_hilbert_curve
D:3:      cheibrodos_ashenzari_chains, gammafunk_ghost_nasty_kobolds,
          grunt_qazlal_clouds, uniq_jessica
D:4:      minmay_temple_entry_trees, serial_shops,
          nicolae_shop_overgrown_old_shop, uniq_edmund
D:5:      kennysheep_little_box, ebering_ghost_reflecting_pool, first_ration,
          grunt_ministairs_11
D:6:      grunt_temple_overflow_lords_of_destruction,
          amethyst_overflow_temple_binary, lightli_temple_of_fire,
          nicolae_tso_besieged_by_evil
D:7:      led_sif_pool, serial_shops, shop, grunt_livestock, uniq_duvessa
D:9:      lair_entry_dummy, orc_0_dummy
D:10:     kennysheep_generic_room_6, uniq_grum
Temple:   dshaligram_water_room_temple
Lair:1:   grunt_megastairs_1

Skill      XL: |  1  2  3  4  5  6  7  8  9 10 11 |
---------------+----------------------------------+-----
Axes           | 2 3 4 5 6 7 8 9 |  9.4
Fighting       | 4 5 6 7 8 |  8.5
Armour         | 4 5 6 7 8 |  8.4
Shields        | 4 5 6 7 8 |  8.4
Invocations    | 1 3 4 5 6 |  6.7
Evocations     | 1 2 3 4 5 |  5.6

Action                   |  1- 3 |  4- 6 |  7- 9 | 10-12 || total
-------------------------+-------+-------+-------+-------++-------
Melee: War axe           |   124 |   168 |    43 |   540 ||   875
       Whip              |       |       |   321 |       ||   321
 Fire: Hunting sling     |       |       |     4 |     9 ||    13
Invok: Heroism           |       |       |     1 |     5 ||     6
  Use: Scroll            |       |       |    16 |     5 ||    21
  Eat: Chunk             |     1 |     7 |    11 |     9 ||    28
       Ration            |       |       |     1 |     4 ||     5
Armor: Scale mail        |    78 |    43 |       |       ||   121
       Chain mail        |       |    71 |   116 |       ||   187
       Plate armour      |       |       |   113 |   320 ||   433
Dodge: Dodged            |    47 |    55 |   131 |   126 ||   359
Block: Shield            |    73 |   110 |   238 |   378 ||   799

Table legend:
 A = Non-vault XP
 B = Vault XP
 C = Vault XP percentage of total XP
 D = Non-vault monster count
 E = Vault monster count
 F = Vault count percentage of total count
                 A         B        C        D         E       F
            +---------+---------+-------+---------+---------+-------
      Total |   13015 |    2266 |  14.8 |     263 |      26 |   9.0
            +---------+---------+-------+---------+---------+-------
        D:1 |      54 |       0 |   0.0 |      30 |       0 |   0.0
        D:2 |      49 |       0 |   0.0 |      19 |       0 |   0.0
        D:3 |     208 |      37 |  15.1 |      16 |       1 |   5.9
        D:4 |     155 |     162 |  51.1 |      18 |       1 |   5.3
        D:5 |     358 |       1 |   0.3 |      15 |       1 |   6.2
        D:6 |     528 |     843 |  61.5 |      22 |      14 |  38.9
        D:7 |    1328 |     429 |  24.4 |      37 |       3 |   7.5
        D:8 |    1555 |       0 |   0.0 |      39 |       0 |   0.0
        D:9 |    2100 |       0 |   0.0 |      27 |       0 |   0.0
       D:10 |    5315 |     794 |  13.0 |      31 |       6 |  16.2
     Lair:1 |    1365 |       0 |   0.0 |       9 |       0 |   0.0
            +---------+---------+-------+---------+---------+-------
